 Dungeon Crawl Stone Soup version 0.23.2-33-g5129a83184 (webtiles) character file.

Game seed: 7165591373117713713

156 psyvane the Stinger (level 5, -2/37 HPs)
             Began as a Demonspawn Wanderer on July 19, 2019.
             Slain by an ogre
             ... wielding a +0 giant club
              (13 damage)
             ... on level 3 of the Dungeon.
             The game lasted 00:14:19 (3505 turns).

psyvane the Stinger (Demonspawn Wanderer)           Turns: 3505, Time: 00:14:19

Health: -2/37      AC:  2    Str: 12    XL:     5   Next: 14%
Magic:  4/15       EV: 11    Int: 21    God:
Gold:   194        SH:  0    Dex: 11    Spells: 1/6 levels left

rFire    . . .     SeeInvis .   a - +2 spear
rCold    + . .     Gourm    .   (no shield)
rNeg     . . .     Faith    .   d - +0 robe
rPois    .         Spirit   .   (helmet restricted)
rElec    .         Reflect  .   (no cloak)
rCorr    .         Harm     .   (no gloves)
MR       .....                  (no boots)
Stlth    +.........             (no amulet)
HPRegen  0.12/turn              e - +5 ring of intelligence
MPRegen  0.14/turn              h - ring of magical power

@: very slightly contaminated
A: antennae 2, cold resistance 1
a: no special abilities


You were on level 3 of the Dungeon.
You were very hungry.

You visited 1 branch of the dungeon, and saw 4 of its levels.

You collected 194 gold pieces.

Inventory:

Hand Weapons
 a - a +2 spear (weapon)
Missiles
 c - 26 bolts
 j - 3 tomahawks (quivered)
Armour
 d - a +0 robe (worn)
 m - a +0 large shield
Jewellery
 e - a +5 ring of intelligence (left hand)
 h - a ring of magical power (right hand)
 q - an uncursed ring of see invisible {unknown}
Scrolls
 b - 2 scrolls of enchant armour {unknown}
 g - a scroll of enchant weapon {unknown}
 i - a scroll of magic mapping {unknown}
 n - a scroll of noise {unknown}
Potions
 l - a potion of heal wounds {unknown}
 o - a potion of flight {unknown}
 p - 2 potions of might {unknown}
 r - a potion of ambrosia {unknown}
Comestibles
 f - 7 rations
 k - 2 chunks of flesh


   Skills:
 - Level 1.0 Fighting
 - Level 1.7 Polearms
 - Level 1.0 Throwing
 - Level 1.0 Shields
 - Level 1.0 Spellcasting
 - Level 2.3 Summonings
   Level 3.2 Necromancy
 * Level 0.1 Transmutations
 * Level 0.1 Fire Magic
 - Level 4.2 Poison Magic


You had one spell level left.
You knew the following spells:

 Your Spells              Type           Power        Failure   Level  Hunger
a - Summon Small Mammal   Summ           ##..         6%          1    ##.....
b - Sting                 Conj/Pois      #...         7%          1    ##.....
c - Ignite Poison         Fire/Tmut/Pois #.......     26%         3    ####...

Your spell library contained the following spells:

 Spells                   Type           Power        Failure   Level  Hunger
 Recall                   Summ/Tloc      N/A          30%         3    ####...


Dungeon Overview and Level Annotations

Branches:
Dungeon (4/15)
 Temple: D:4-7

Altars:

Annotations:
D:2 1 runed translucent door, Crazy Yiuf
D:4 Edmund


Innate Abilities, Weirdness & Mutations

You have a pair of antennae on your head.
Your flesh is cold resistant. (rC+)


Message History

There is a stone staircase leading up, spattered with blood here.
The ogre hits you with a +0 giant club!
* * * LOW HITPOINT WARNING * * *
You climb upwards.
There is a stone staircase leading down here.
Casting: Ignite Poison (safe; 26% risk of failure)
Confirm with . or Enter, or press ? or * to list all spells.
Aiming: Sting (safe; 7% risk of failure)
Press: ? - help, Shift-Dir - straight line, f - ogre
Aim: an ogre, wielding a +0 giant club (almost dead)
You miscast Sting.
You feel faint for a moment. The ogre barely misses you.
Casting: Sting (safe; 7% risk of failure)
Confirm with . or Enter, or press ? or * to list all spells.
Aiming: Sting (safe; 7% risk of failure)
Press: ? - help, Shift-Dir - straight line, f/p - ogre
Aim: an ogre, wielding a +0 giant club (almost dead)
The sting hits the ogre.
The ogre is poisoned.
The ogre is almost dead.
The ogre hits you with a +0 giant club!
You die...

#.##..........####
#.#..............##
#.#..........###..###
#.#..........# ##...#
#.#..........# ###.######
######.#.....[.[).# #.......
##..............).##############
##..............O..###.....#
#...............@...##.....#
#...................##.....#
#...................##.....#
#................<....[....#
#...................##.....#
##.................###.....#
##...............## #.....#
################# #.....#
#######


You could see an ogre.

Vanquished Creatures
  A hound (D:4)
  A worker ant (D:4)
  4 adders
  2 dart slugs (D:1)
  A leopard gecko (D:1)
  5 orcs
  A giant cockroach (D:1)
  4 goblins
  7 hobgoblins
  7 jackals
  A quokka (D:4)
  3 bats (D:1)
  A frilled lizard (D:1)
  5 kobolds
  5 rats
48 creatures vanquished.

Vanquished Creatures (collateral kills)
  A worm (D:3)
  4 orcs (D:3)
  2 hobgoblins (D:3)
  A frilled lizard (D:3)
8 creatures vanquished.

Grand Total: 56 creatures vanquished

Notes
Turn   | Place    | Note
-------+----------+-------------------------------------------
     0 | D:1      | psyvane the Demonspawn Wanderer began the quest for the
                  | Orb.
     0 | D:1      | psyvane set off with the following items: a +2 spear, a +0
                  | robe, a ration; and the following spells available to
                  | memorise: Sting, Summon Small Mammal, Ignite Poison, Recall
     0 | D:1      | Reached XP level 1. HP: 15/15 MP: 2/2
     3 | D:1      | Learned a level 1 spell: Summon Small Mammal
     5 | D:1      | Learned a level 1 spell: Sting
    65 | D:1      | Reached skill level 2 in Poison Magic
   209 | D:1      | Gained mutation: You have a pair of small antennae on your
                  | head. [demonic ancestry]
   209 | D:1      | Reached XP level 2. HP: 21/21 MP: 3/3
   764 | D:1      | Reached skill level 3 in Poison Magic
   764 | D:1      | Gained mutation: Your flesh is cold resistant. (rC+)
                  | [demonic ancestry]
   764 | D:1      | Reached XP level 3. HP: 14/26 MP: 0/4
   956 | D:2      | Found a runed translucent door.
   957 | D:2      | Noticed Crazy Yiuf
  1656 | D:3      | Reached XP level 4. HP: 13/32 MP: 4/5
  1716 | D:3      | Reached skill level 4 in Poison Magic
  2264 | D:3      | Learned a level 3 spell: Ignite Poison
  2818 | D:4      | Reached skill level 1 in Summonings
  2989 | D:4      | Noticed Edmund
  3352 | D:4      | Gained mutation: You have a pair of antennae on your head.
                  | [demonic ancestry]
  3352 | D:4      | Reached XP level 5. HP: 37/37 MP: 6/6
  3462 | D:4      | Noticed an ogre
  3505 | D:3      | Slain by an ogre

Skill      XL: |  1  2  3  4 |
---------------+-------------+-----
Poison Magic   | 2 3 4 |  4.2
Summonings     | 2 |  2.3
Fighting       | |  1.0
Polearms       | |  1.7
Throwing       | |  1.0
Shields        | |  1.0
Spellcasting   | |  1.0
Necromancy     | |  3.2
Transmutations | |  0.1
Fire Magic     | |  0.1

Action                   |  1- 3 |  4- 6 || total
-------------------------+-------+-------++-------
Melee: Spear             |   115 |    47 ||   162
 Cast: Summon Small Mamm |     8 |    45 ||    53
       Sting             |     3 |    26 ||    29
       Ignite Poison     |       |     3 ||     3
  Use: Scroll            |     1 |     1 ||     2
       Potion            |       |     3 ||     3
 Stab: Distracted        |     1 |       ||     1
  Eat: Chunk             |     3 |     4 ||     7
       Ration            |       |     1 ||     1
Armor: Robe              |    20 |     7 ||    27
Dodge: Dodged            |    49 |    36 ||    85
